 Dungeon Crawl Stone Soup version 0.17-a0-1636-g3119f2b (webtiles) character file.

6771 abixa the Cleaver (level 10, -1/93 HPs)
             Began as a Minotaur Gladiator on Aug 5, 2015.
             Was a Priest of Okawaru.
             Slain by a troll (9 damage)
             ... on level 10 of the Dungeon.
             The game lasted 00:31:56 (10815 turns).

abixa the Cleaver (Minotaur Gladiator)             Turns: 10815, Time: 00:31:57

Health: -1/93      AC: 10    Str: 22    XL:     10   Next: 76%
Magic:  9/9        EV: 12    Int:  5    God:    Okawaru [***...]
Gold:   468        SH:  0    Dex: 10    Spells: 0 memorised, 9 levels left

rFire  + . .     SeeInvis +     N - +0 battleaxe
rCold  . . .     Clarity  .     K - +6 leather armour of the Harvest {rPois rCorr Str+2 Dex-4}
rNeg   . . .     SustAt   .     (no shield)
rPois  +         Gourm    .     c - +0 hat
rElec  .         Spirit   .     (no cloak)
rCorr  +         Warding  .     x - +0 pair of gloves
rMut   .         Stasis   .     (no boots)
MR     .....                    (no amulet)
Stlth  +.........               I - ring of protection from fire
                                F - ring of see invisible

@: not resistant to hostile enchantments, very unstealthy
A: retaliatory headbutt, horns 2
a: Heroism, Renounce Religion


You were on level 10 of the Dungeon.
You worshipped Okawaru.
Okawaru was most pleased with you.
You were not hungry.

You visited 2 branches of the dungeon, and saw 11 of its levels.
You also visited: Ossuary.

You collected 496 gold pieces.
You spent 28 gold pieces at shops.

Inventory:

Hand weapons
 m - a +2 dagger of venom
 y - a +0 arbalest
 N - a +0 battleaxe (weapon)
Missiles
 b - 36 bolts
 d - 5 throwing nets
 w - 30 poisoned needles
 P - 7 javelins (quivered)
 T - 7 needles of paralysis
Armour
 c - a +0 hat (worn)
 s - a +4 chain mail
 x - a +0 pair of gloves (worn)
 D - a +3 scale mail
 K - the +6 leather armour of the Harvest (worn) {rPois rCorr Str+2 Dex-4}
   (You found it on level 5 of the Dungeon)

   It affects your strength (+2).
   It affects your dexterity (-4).
   It protects you from poison.
   It protects you from acid and corrosion.
Jewellery
 o - an uncursed ring of teleportation
 q - a +3 ring of intelligence {unknown}
 u - an uncursed ring of sustain attributes {unknown}
 F - a ring of see invisible (left hand)
 I - a ring of protection from fire (right hand)
Magical devices
 a - a wand of paralysis (14)
 W - a wand of confusion (20)
 Y - a wand of enslavement (17)
Scrolls
 h - 6 scrolls of remove curse
 j - a scroll of fear
 r - a scroll of teleportation
 t - a scroll of noise
 A - a scroll of enchant weapon
 G - a scroll of enchant armour {unknown}
 L - 2 scrolls of immolation
 M - 5 scrolls of recharging
 Q - a scroll of summoning {unknown}
 S - 2 scrolls of holy word {unknown}
 X - a scroll of blinking {unknown}
 Z - a scroll of magic mapping {unknown}
Potions
 f - a potion of haste {unknown}
 g - 4 potions of lignification {unknown}
 i - 2 potions of agility
 k - 9 potions of curing
 l - 4 potions of heal wounds
 p - 2 potions of ambrosia {unknown}
 v - a potion of might
 B - 2 potions of cure mutation {unknown}
 C - 4 potions of brilliance {unknown}
 E - 2 potions of cancellation {unknown}
 H - a potion of flight {unknown}
 J - 3 potions of mutation {unknown}
 O - 2 potions of beneficial mutation {unknown}
 U - a potion of resistance {unknown}
 V - a potion of berserk rage
Comestibles
 e - 7 bread rations
 n - a slice of pizza
 z - 7 meat rations


   Skills:
 - Level 9.8 Fighting
 + Level 13.8 Axes
 - Level 8.0 Crossbows
 - Level 2.0 Throwing
 - Level 4.4 Armour
 - Level 3.2 Dodging
 - Level 1.1 Invocations


You had 9 spell levels left.
You didn't know any spells.

Dungeon Overview and Level Annotations

Branches:
Dungeon (10/15)            Temple (1/1) D:5
   Lair: D:8-11         Orc: D:9-12

Altars:
Ashenzari
Cheibriados
Dithmenos
Elyvilon
Fedhas
Gozag
Kikubaaqudgha
Makhleb
Nemelex Xobeh
Okawaru
Qazlal
Ru
Sif Muna
Trog
Vehumet
Xom
Yredelemnul
Zin
The Shining One

Shops:
D:5 *%%


Innate Abilities, Weirdness & Mutations

You reflexively headbutt those who attack you in melee.
You have a pair of horns on your head.


Message History

You are too injured to fight recklessly!
You hit the troll.
The troll is lightly wounded.
The troll barely misses you. The troll claws you. The troll claws you!
You hit the troll. Your headbutt misses the troll.
The troll is moderately wounded.
The troll closely misses you. x2
The troll barely misses you.
You slash the troll! You headbutt the troll!
The troll is severely wounded.
The troll bites you! The troll closely misses you. The troll claws you.
* * * LOW HITPOINT WARNING * * *
You barely miss the troll. You headbutt the troll!
The troll is almost dead.
The troll bites you!
* * * LOW HITPOINT WARNING * * *
The troll claws you!
* * * LOW HITPOINT WARNING * * *
The troll claws you!
You die...

###########
..........###########..#
#########........@T...>#
# #..#############
#########..#
##......#..#
##.###.##..# ##.#
#.....# ##.# #####.#
##.# #.# ##.# #.#


You could see a troll.

Vanquished Creatures
  A hill giant (D:8)
  Pikel (D:8)
  A troll (D:9)
  The ghost of maniek23 the Stinger, an average NaVM (D:4)
  Grinder (D:6)
  A spriggan (D:7)
  A water moccasin (D:6)
  4 sky beasts
  2 ice beasts
  A slave (D:8)
  5 orc warriors
  3 phantoms
  The ghost of Ajdolov the Ruffian, an average CeMo of Makhleb (D:3)
  5 ogres
  2 centaurs
  4 giant frogs (D:9)
  A wyvern zombie (D:8)
  2 scorpions
  10 wights
  5 killer bees (D:8)
  2 centaur zombies (Ossuary)
  3 crimson imps
  A giant frog zombie (D:5)
  3 human zombies
  3 jellies
  3 giant frog skeletons
  14 orc wizards
  A centaur skeleton (D:4)
  3 orc priests
  Ijyb (D:2)
  6 hounds
  A quasit (D:8)
  Jessica (D:2)
  Natasha (D:4)
  An iguana (D:8)
  14 worker ants
  2 big kobold zombies (Ossuary)
  3 mummies (Ossuary)
  A hound skeleton (D:9)
  Robin (D:3)
  A worker ant zombie (D:5)
  6 adders
  A shadow imp (D:7)
  An ooze (D:5)
  An adder skeleton (D:6)
  A worm (D:5)
  5 giant geckos
  42 orcs
  3 ball pythons
  18 hobgoblins
  7 jackals (D:3)
  4 kobolds
  2 bats
  6 giant cockroaches
  7 giant newts
  A gnoll zombie (Ossuary)
  26 goblins
  A goblin zombie (D:5)
  2 orc zombies
  A quokka skeleton (D:4)
  3 rats
256 creatures vanquished.

Vanquished Creatures (others)
  A wizard (D:9)
  2 slaves (D:8)
  An ogre (D:8)
  2 orc wizards (D:8)
  A giant gecko (D:8)
  3 orcs (D:8)
10 creatures vanquished.

Grand Total: 266 creatures vanquished

Notes
Turn   | Place    | Note
--------------------------------------------------------------
     0 | D:1      | abixa the Minotaur Gladiator began the quest for the Orb.
     0 | D:1      | Reached XP level 1. HP: 18/18 MP: 0/0
    67 | D:1      | Reached skill level 4 in Axes
   221 | D:1      | Reached XP level 2. HP: 25/25 MP: 1/1
   987 | D:2      | Reached skill level 5 in Axes
   987 | D:2      | Reached XP level 3. HP: 30/30 MP: 2/2
   990 | D:2      | Found an opulent altar of Gozag.
  1031 | D:2      | Found an ancient bone altar of Kikubaaqudgha.
  1047 | D:2      | Noticed Jessica
  1054 | D:2      | Killed Jessica
  1089 | D:2      | Reached XP level 4. HP: 27/37 MP: 3/3
  1208 | D:2      | Found a sacrificial altar of Ru.
  1279 | D:2      | Reached skill level 6 in Axes
  1444 | D:2      | Noticed Ijyb
  1455 | D:2      | Killed Ijyb
  1504 | D:2      | Found a glowing silver altar of Zin.
  1551 | D:2      | Found a faded altar to an unknown god.
  1719 | D:3      | Noticed Robin
  1740 | D:3      | Killed Robin
  1740 | D:3      | Reached XP level 5. HP: 24/42 MP: 4/4
  1818 | D:3      | Found a basalt altar of Yredelemnul.
  1848 | D:3      | Noticed Ajdolov's ghost (average CeMo)
  2305 | D:3      | Killed Ajdolov's ghost
  2305 | D:3      | Reached skill level 7 in Axes
  2305 | D:3      | Reached skill level 1 in Armour
  2460 | D:4      | Noticed an ogre
  2468 | D:4      | Killed an ogre
  2468 | D:4      | Reached XP level 6. HP: 28/52 MP: 5/5
  2724 | D:4      | Noticed Natasha
  2730 | D:4      | Killed Natasha
  3079 | D:4      | Noticed a phantom
  3082 | D:4      | Noticed maniek23's ghost (average NaVM)
  3095 | D:4      | Killed a phantom
  3095 | D:4      | Reached XP level 7. HP: 20/60 MP: 6/6
  3098 | D:4      | Killed maniek23's ghost
  3098 | D:4      | Reached skill level 5 in Fighting
  3098 | D:4      | Reached skill level 8 in Axes
  4311 | D:5      | Entered Level 5 of the Dungeon
  4311 | D:5      | Found a sand-covered staircase.
  4330 | Ossuary  | Entered an ossuary
  4423 | Ossuary  | Reached XP level 8. HP: 64/70 MP: 7/7
  4430 | Ossuary  | Reached skill level 9 in Axes
  4747 | D:5      | Got a brightly glowing leather armour
  4773 | D:5      | Found Nalapt's Food Shoppe.
  5157 | D:5      | Reached skill level 10 in Axes
  5282 | D:5      | Found Poeha's General Store.
  5290 | D:5      | Bought a scroll of identify for 28 gold pieces
  5486 | D:5      | Found a staircase to the Ecumenical Temple.
  5497 | Temple   | Entered the Ecumenical Temple
  5552 | Temple   | Became a worshipper of Warmaster Okawaru
  5694 | D:5      | Found Nootsum's Food Emporium.
  6128 | D:5      | Found a sacrificial altar of Ru.
  6129 | D:5      | Found a stormy altar of Qazlal.
  6445 | D:6      | Noticed Grinder
  6460 | D:6      | Killed Grinder
  6460 | D:6      | Reached XP level 9. HP: 79/83 MP: 8/8
  6598 | D:6      | Acquired Okawaru's first power
  6598 | D:6      | Reached skill level 11 in Axes
  6899 | D:6      | Found a deep blue altar of Sif Muna.
  6899 | D:6      | Found a burning altar of Makhleb.
  7072 | D:6      | Identified the +6 leather armour of the Harvest {rPois rCorr Str+2 Dex-4} (You found it on level 5 of the Dungeon)
  7094 | D:6      | Got a dazzling dagger
  7492 | D:7      | Reached skill level 1 in Invocations
  7540 | D:7      | Reached skill level 12 in Axes
  7703 | D:8      | Noticed Pikel
  7897 | D:8      | Found a radiant altar of Vehumet.
  8141 | D:8      | Reached skill level 13 in Axes
  8560 | D:8      | Reached skill level 1 in Crossbows
  8560 | D:8      | Reached XP level 10. HP: 64/93 MP: 9/9
  8565 | D:8      | Killed Pikel
  9064 | D:8      | Noticed a hill giant
  9075 | D:8      | Killed a hill giant
  9709 | D:9      | Found a bloodstained altar of Trog.
  9712 | D:9      | Noticed a wizard
  9717 | D:9      | Killed a wizard
 10683 | D:10     | Entered Level 10 of the Dungeon
 10815 | D:10     | Slain by a troll

Vault maps used:
D:1:      minmay_arrival_four_loops, minivault_11, minmay_misc_feat_nine_boxes,
          st_stairs_9
D:2:      kennysheep_the_goblin_king, grunt_gozag_breadcrumbs,
          kiku_gazebo_pond_becter, zin_scriptorium, ecumenical_altar_2,
          nicolae_ru_sacrificial_ziggurat, uniq_jessica
D:3:      yredelemnul_altar_generic, uniq_robin
D:4:      uniq_natasha
D:5:      nicolae_overflow_hidden_temple, temple_hall, first_bread,
          serial_shops, nicolae_shop_stone, shop, nicolae_shop_stone,
          enter_ossuary_3
D:6:      gammafunk_temple_overflow_elements, minmay_holes,
          hangedman_decor_clover_reticule, uniq_grinder
D:7:      the_bakery
D:8:      lemuel_round_altar, uniq_pikel
D:9:      trog_wizard
Temple:   roderic_octagonal_lattice_temple
Ossuary:  ossuary_crypta

Action                   |  1- 3 |  4- 6 |  7- 9 | 10-12 || total
-------------------------+-------+-------+-------+-------++-------
Melee: War axe           |    55 |   126 |   231 |       ||   412
       Battleaxe         |       |       |   106 |   142 ||   248
Throw: Throwing net      |       |     1 |       |       ||     1
       Javelin           |       |       |       |     1 ||     1
Invok: Heroism           |       |       |       |     2 ||     2
Evoke: Wand              |       |       |     3 |     1 ||     4
  Use: Scroll            |       |       |    12 |     2 ||    14
 Stab: Confused          |       |       |     1 |     1 ||     2
  Eat: Chunk             |     1 |     6 |    15 |     8 ||    30
       Pizza             |       |       |     1 |       ||     1
